Workbook

Sheet CRONOGRAMA 
A1: CRONOGRAMA FÍSICO- FINANCEIRO
B2: PREFEITURA MUNICIPAL DE SANTO ANTONIO DE POSSE | C2: CLIENTE: PREFEITURA MUNICIPAL DE SANTO ANTONIO DE POSSE
B3: Estado de São Paulo | C3: OBRA: ACESSO COMERCIAL NA SP 340 KM 142 PISTA SUL
C4: LOCAL: SANTO ANTONIO DE POSSE - SP
A5: ITEM | B5: DESCRIÇÃO DAS ATIVIDADES | C5: VALOR COM BDI | D5: PRAZO DE EXECUÇÃO DA OBRA
C6: (R$) | D6: (180 DIAS)
D7: 1º MÊS | E7: 2º MÊS | F7: 3º MÊS | G7: 4º MÊS
B8: SERVIÇOS GERAIS MATERIAIS + MÃO DE OBRA
A9: 1 | B9: =Planilha1!A6 -> DEMOLIÇÃO | C9: =Planilha1!#REF! -> #REF! | D9: =C9 -> #REF!
A11: 2 | B11: =Planilha1!A20 -> TERRAPLENAGEM | C11: =Planilha1!#REF! -> #REF! | D11: =C11 -> #REF!
A13: 3 | B13: =Planilha1!A29 -> PAVIMENTAÇÃO ASFÁLTICA | C13: =Planilha1!#REF! -> #REF! | F13: =C13 -> #REF!
A15: 4 | B15: =Planilha1!A43 -> DRENAGEM DE ÁGUAS PLUVIAIS | C15: =Planilha1!#REF! -> #REF! | E15: =C15/2 -> #REF! | F15: =C15/2 -> #REF!
A17: 5 | B17: =Planilha1!A58 -> SINALIZAÇÃO HORIZONTAL - VERTICAL | C17: =Planilha1!#REF! -> #REF! | F17: =C17/2 -> #REF! | G17: =C17/2 -> #REF!
A19: 6 | B19: =Planilha1!A64 -> SINALIZAÇÃO PROVISÓRIA DE OBRA | C19: =Planilha1!#REF! -> #REF! | F19: =C19/2 -> #REF! | G19: =C19/2 -> #REF!
A21: 7 | B21: =Planilha1!A68 -> SERVIÇOS COMPLEMENTARES | C21: =Planilha1!#REF! -> #REF! | E21: =C21/3 -> #REF! | F21: =C21/3 -> #REF! | G21: =C21/3 -> #REF!
A24: TOTAL COM BDI (R$) | C24: =SUM(C9:C22) -> #REF! | D24: =SUM(D9:D23) -> #REF! | E24: =SUM(E9:E23) -> #REF! | F24: =SUM(F9:F22) -> #REF! | G24: =SUM(G9:G22) -> #REF!
A30: ______________________________________
A31: ARQ° CRISTIANO DIAS MARCHIORI
A32: SECRETÁRIO DE DESENVOLVIMENTO URBANO
A33: PREFEITURA MUNICIPAL DE SANTO ANTÔNIO DE POSSE

Sheet CRONOGRAMA  (2)
A1: CRONOGRAMA FÍSICO- FINANCEIRO
B2: PREFEITURA MUNICIPAL DE SANTO ANTONIO DE POSSE | C2: CLIENTE: PREFEITURA MUNICIPAL DE SANTO ANTONIO DE POSSE
B3: Estado de São Paulo | C3: OBRA: ACESSO COMERCIAL NA SP 340 KM 141 + 745 PISTA SUL
C4: LOCAL: SANTO ANTONIO DE POSSE - SP
A5: ITEM | B5: DESCRIÇÃO DAS ATIVIDADES | C5: VALOR COM BDI | D5: PRAZO DE EXECUÇÃO DA OBRA
C7: (R$) | D7: 1º MÊS | E7: 2º MÊS | F7: 3º MÊS | G7: 4º MÊS | H7: 5º MÊS
A8: SERVIÇOS GERAIS MATERIAIS + MÃO DE OBRA
A9: 1 | B9: =Planilha1!A6 -> DEMOLIÇÃO | C9: =Planilha1!I19 -> 246294.91 | D9: =C9 -> 246294.91
A11: 2 | B11: =Planilha1!A20 -> TERRAPLENAGEM | C11: =Planilha1!I28 -> 123843.14 | D11: =C11 -> 123843.14
A13: 3 | B13: =Planilha1!A29 -> PAVIMENTAÇÃO ASFÁLTICA | C13: =Planilha1!I42 -> 2031029.9 | F13: =C13/2 -> 1015515 | G13: =C13/2 -> 1015515
A15: 4 | B15: =Planilha1!A43 -> DRENAGEM DE ÁGUAS PLUVIAIS | C15: =Planilha1!I57 -> 376645.72 | D15: =C15/2 -> 188322.86 | E15: =C15/2 -> 188322.86
A17: 5 | B17: =Planilha1!A58 -> SINALIZAÇÃO HORIZONTAL - VERTICAL | C17: =Planilha1!I63 -> 44192.338 | G17: =C17/2 -> 22096.169 | H17: =C17/2 -> 22096.169
A19: 6 | B19: =Planilha1!A64 -> SINALIZAÇÃO PROVISÓRIA DE OBRA | C19: =Planilha1!I67 -> 31286.164 | D19: =C19/2 -> 15643.082 | E19: =C19/2 -> 15643.082
A21: 7 | B21: =Planilha1!A68 -> SERVIÇOS COMPLEMENTARES | C21: =Planilha1!I73 -> 38183.388 | F21: =C21/3 -> 12727.796 | G21: =C21/3 -> 12727.796 | H21: =C21/3 -> 12727.796
A24: TOTAL COM BDI (R$) | C24: =SUM(C9:C22) -> 2891475.6 | D24: =SUM(D9:D23) -> 574104 | E24: =SUM(E9:E23) -> 203965.94 | F24: =SUM(F9:F23) -> 1028242.8 | G24: =SUM(G9:G23) -> 1050338.9 | H24: =SUM(H9:H23) -> 34823.965
A26: Santo Antônio de Posse, 15 de junho de 2026
A30: ______________________________________
A31: ARQ° CRISTIANO DIAS MARCHIORI
A32: SECRETÁRIO DE DESENVOLVIMENTO URBANO
A33: PREFEITURA MUNICIPAL DE SANTO ANTÔNIO DE POSSE

Sheet Planilha1
D1: PREFEITURA MUNICIPAL DE SANTO ANTÔNIO DE POSSE - SP
D2: Obra: ACESSO COMERCIAL NA SP 340 KM 142 PISTA SUL
D3: Planilha Orçamentária
A4: Boletins: CDHU 201 - SINAPI 03/2026 - SABESP 01/2026 - DER 01/2026 - SICRO - 01/2026
A5: Item | B5: Boletim | C5: Código | D5: Descrição dos Serviços | E5: Quant | F5: unid | G5: Valor unit. | H5: Total SEM BDI (R$) | I5: Total com BDI de 19,60% (R$) | J5: Memória Uso interno da Secretaria (apagar para licitar)
A6: DEMOLIÇÃO
A7: 1.1 | B7: CDHU | C7: 04.01.100 | D7: =VLOOKUP(C7,boletins!$3:$35837,2,FALSE) -> Retirada de cerca | E7: 54 | F7: =VLOOKUP(C7,boletins!$3:$35837,3,FALSE) -> M | G7: =VLOOKUP(C7,boletins!$3:$35837,6,FALSE) -> 14.08 | H7: =E7*G7 -> 760.32 | I7: =H7*1.196 -> 909.34272 | J7: retirada de cerca: 54,00m lineares conforme planilha de levantamento do autor do projeto
A8: 1.2 | B8: CDHU | C8: 04.30.060 | D8: =VLOOKUP(C8,boletins!$3:$35837,2,FALSE) -> Remoção de tubulação hidráulica em geral, incluindo conexões, caixas e ralos | E8: 60 | F8: =VLOOKUP(C8,boletins!$3:$35837,3,FALSE) -> M | G8: =VLOOKUP(C8,boletins!$3:$35837,6,FALSE) -> 9.08 | H8: =E8*G8 -> 544.8 | I8: =H8*1.196 -> 651.5808 | J8: canalização d>= 0,60m conforme planilha de levantamento do autor do projeto
A9: 1.3 | B9: CDHU | C9: 34.05.030 | D9: =VLOOKUP(C9,boletins!$3:$35837,2,FALSE) -> Cerca em arame farpado com mourões de concreto, com ponta inclinada | E9: 10 | F9: =VLOOKUP(C9,boletins!$3:$35837,3,FALSE) -> M | G9: =VLOOKUP(C9,boletins!$3:$35837,6,FALSE) -> 77.2 | H9: =E9*G9 -> 772 | I9: =H9*1.196 -> 923.312 | J9: execução de cerca de 10,00m lineares conforme planilha de levantamento do autor do projeto
A10: 1.4 | B10: CDHU | C10: 34.13.031 | D10: =VLOOKUP(C10,boletins!$3:$35837,2,FALSE) -> Corte, recorte e remoção de árvore inclusive as raízes - diâmetro (DAP)>30cm<45cm | E10: 23 | F10: =VLOOKUP(C10,boletins!$3:$35837,3,FALSE) -> UN | G10: =VLOOKUP(C10,boletins!$3:$35837,6,FALSE) -> 2720.7 | H10: =E10*G10 -> 62576.1 | I10: =H10*1.196 -> 74841.016 | J10: Considerada 23 palmeiras conforme planilha de levantamento do autor do projeto
A11: 1.5 | B11: CDHU | C11: 03.01.220 | D11: =VLOOKUP(C11,boletins!$3:$35837,2,FALSE) -> Demolição mecanizada de concreto simples, inclusive fragmentação, carregamento, transporte até 1 quilômetro e descarregamento | E11: 65.75 | F11: =VLOOKUP(C11,boletins!$3:$35837,3,FALSE) -> M3 | G11: =VLOOKUP(C11,boletins!$3:$35837,6,FALSE) -> 296.97 | H11: =E11*G11 -> 19525.778 | I11: =H11*1.196 -> 23352.83 | J11: meio-fios, valeta, caixas conforme planilha de levantamento do autor do projeto
A12: 1.6 | B12: CDHU | C12: 03.07.030 | D12: =VLOOKUP(C12,boletins!$3:$35837,2,FALSE) -> Demolição (levantamento) mecanizada de pavimento asfáltico, inclusive fragmentação e acomodação do material | E12: 2829 | F12: =VLOOKUP(C12,boletins!$3:$35837,3,FALSE) -> M2 | G12: =VLOOKUP(C12,boletins!$3:$35837,6,FALSE) -> 23.02 | H12: =E12*G12 -> 65123.58 | I12: =H12*1.196 -> 77887.802 | J12: 2829,00 m² x 0,03m espessura = 84,87 m³ conforme planilha de levantamento do autor do projeto
A13: 1.7 | B13: SINAPI | C13: 100984 | D13: =VLOOKUP(C13,boletins!$3:$35837,2,FALSE) -> CARGA, MANOBRA E DESCARGA DE ENTULHO EM CAMINHÃO BASCULANTE 18 M³ - CARGA COM ESCAVADEIRA HIDRÁULICA (CAÇAMBA DE 0,80 M³ / 111 HP) E DESCARGA LIVRE (UNIDADE: M3). AF_02/2026 | E13: 1717.19 | F13: =VLOOKUP(C13,boletins!$3:$35837,3,FALSE) -> M3 | G13: =VLOOKUP(C13,boletins!$3:$35837,6,FALSE) -> 10.13 | H13: =E13*G13 -> 17395.135 | I13: =H13*1.196 -> 20804.581 | J13: conforme planilha de levantamento do autor do projeto no item de espalhamento no local: 1717,19m³
A14: 1.8 | B14: SINAPI | C14: 95877 | D14: =VLOOKUP(C14,boletins!$3:$35837,2,FALSE) -> TRANSPORTE COM CAMINHÃO BASCULANTE DE 18 M³, EM VIA URBANA PAVIMENTADA, DMT ATÉ 30 KM (UNIDADE: M3XKM). AF_02/2026 | E14: 12020.33 | F14: =VLOOKUP(C14,boletins!$3:$35837,3,FALSE) -> M3XKM | G14: =VLOOKUP(C14,boletins!$3:$35837,6,FALSE) -> 2.21 | H14: =E14*G14 -> 26564.929 | I14: =H14*1.196 -> 31771.655 | J14: Considerado levantamento do autor do projeto no item de espalhamento no local: 1717,19m³ x 7,00 km de distância até o bota-fora de RCC (junto à ETE) = 12020,33M³XKM
A15: 1.9 | B15: SINAPI | C15: 100574 | D15: =VLOOKUP(C15,boletins!$3:$35837,2,FALSE) -> ESPALHAMENTO DE MATERIAL COM TRATOR DE ESTEIRAS. AF_09/2024 | E15: 1717.19 | F15: =VLOOKUP(C15,boletins!$3:$35837,3,FALSE) -> M3 | G15: =VLOOKUP(C15,boletins!$3:$35837,6,FALSE) -> 1.64 | H15: =E15*G15 -> 2816.1916 | I15: =H15*1.196 -> 3368.1652 | J15: Considerado volume levantado na planilha anterior no item de espalhamento no local: 1717,19m³
A16: 1.10 | B16: CDHU | C16: 02.01.180 | D16: =VLOOKUP(C16,boletins!$3:$35837,2,FALSE) -> Banheiro químico modelo Standard, com manutenção conforme exigências da CETESB | E16: 5 | F16: =VLOOKUP(C16,boletins!$3:$35837,3,FALSE) -> UNMES | G16: =VLOOKUP(C16,boletins!$3:$35837,6,FALSE) -> 1213.99 | H16: =E16*G16 -> 6069.95 | I16: =H16*1.196 -> 7259.6602 | J16: Banheiro de obra. 5 meses de cronograma conforme estabelecido pelo secretário
A17: 1.11 | B17: SINAPI | C17: 105115 | D17: =VLOOKUP(C17,boletins!$3:$35837,2,FALSE) -> INSTALAÇÃO E DESINSTALAÇÃO MECANIZADA DE CONTÊINER OU MÓDULO HABITÁVEL DE USOS DIVERSOS. AF_03/2024 | E17: 1 | F17: =VLOOKUP(C17,boletins!$3:$35837,3,FALSE) -> UN | G17: =VLOOKUP(C17,boletins!$3:$35837,6,FALSE) -> 155.52 | H17: =E17*G17 -> 155.52 | I17: =H17*1.196 -> 186.00192
A18: 1.12 | B18: SINAPI | C18: 10776 | D18: =VLOOKUP(C18,boletins!$3:$35837,2,FALSE) -> LOCACAO DE CONTAINER 2,30 X 6,00 M, ALT. 2,50 M, PARA ESCRITORIO, SEM DIVISORIAS INTERNAS E SEM SANITARIO (NAO INCLUI MOBILIZACAO/DESMOBILIZACAO) | E18: =E16 -> 5 | F18: =VLOOKUP(C18,boletins!$3:$35837,3,FALSE) -> MES | G18: =VLOOKUP(C18,boletins!$3:$35837,6,FALSE) -> 725.58 | H18: =E18*G18 -> 3627.9 | I18: =H18*1.196 -> 4338.9684
A19: Subtotal | H19: =SUM(H7:H18) -> 205932.2 | I19: =SUM(I7:I18) -> 246294.91
A20: TERRAPLENAGEM
A21: 2.1 | B21: CDHU | C21: 02.09.130 | D21: =VLOOKUP(C21,boletins!$3:$35837,2,FALSE) -> Limpeza mecanizada do terreno, inclusive troncos com diâmetro acima de 15 cm até 50 cm, com caminhão à disposição dentro da obra, até o raio de 1 km | E21: 4076 | F21: =VLOOKUP(C21,boletins!$3:$35837,3,FALSE) -> M2 | G21: =VLOOKUP(C21,boletins!$3:$35837,6,FALSE) -> 5.9 | H21: =E21*G21 -> 24048.4 | I21: =H21*1.196 -> 28761.886 | J21: conforme planilha de levantamento do autor do projeto
A22: 2.2 | B22: SINAPI | C22: 95877 | D22: =VLOOKUP(C22,boletins!$3:$35837,2,FALSE) -> TRANSPORTE COM CAMINHÃO BASCULANTE DE 18 M³, EM VIA URBANA PAVIMENTADA, DMT ATÉ 30 KM (UNIDADE: M3XKM). AF_02/2026 | E22: 8967.09 | F22: =VLOOKUP(C22,boletins!$3:$35837,3,FALSE) -> M3XKM | G22: =VLOOKUP(C22,boletins!$3:$35837,6,FALSE) -> 2.21 | H22: =E22*G22 -> 19817.269 | I22: =H22*1.196 -> 23701.454 | J22: conforme planilha de levantamento do autor do projeto, correspondia a 34238,40m³xkm considerando distância de 42km. 34238/42 = 815,19 m³. 815,19m³ x 11km até o RCC DE solos = 8967,09m³xkm
A23: 2.3 | B23: CDHU | C23: 07.01.020 | D23: =VLOOKUP(C23,boletins!$3:$35837,2,FALSE) -> Escavação e carga mecanizada em solo de 1ª categoria, em campo aberto | E23: 1450 | F23: =VLOOKUP(C23,boletins!$3:$35837,3,FALSE) -> M3 | G23: =VLOOKUP(C23,boletins!$3:$35837,6,FALSE) -> 16.03 | H23: =E23*G23 -> 23243.5 | I23: =H23*1.196 -> 27799.226 | J23: conforme planilha de levantamento do autor do projeto
A24: 2.4 | B24: CDHU | C24: 05.10.020 | D24: =VLOOKUP(C24,boletins!$3:$35837,2,FALSE) -> Transporte de solo de 1ª e 2ª categoria por caminhão até o 2° km | E24: 332.61 | F24: =VLOOKUP(C24,boletins!$3:$35837,3,FALSE) -> M3 | G24: =VLOOKUP(C24,boletins!$3:$35837,6,FALSE) -> 8.71 | H24: =E24*G24 -> 2897.0331 | I24: =H24*1.196 -> 3464.8516 | J24: conforme planilha de levantamento do autor do projeto
A25: 2.5 | B25: SINAPI | C25: 95877 | D25: =VLOOKUP(C25,boletins!$3:$35837,2,FALSE) -> TRANSPORTE COM CAMINHÃO BASCULANTE DE 18 M³, EM VIA URBANA PAVIMENTADA, DMT ATÉ 30 KM (UNIDADE: M3XKM). AF_02/2026 | E25: 12291.29 | F25: =VLOOKUP(C25,boletins!$3:$35837,3,FALSE) -> M3XKM | G25: =VLOOKUP(C25,boletins!$3:$35837,6,FALSE) -> 2.21 | H25: =E25*G25 -> 27163.751 | I25: =H25*1.196 -> 32487.846 | J25: conforme planilha de levantamento do autor do projeto, correspondia a 46930,59m³xkm considerando distância de 42km. 46930,59/42 =1117,39m³ x 11km de distância até o bota-fora de solo = 12.291,29m³\km
A26: 2.6 | B26: CDHU | C26: 07.12.020 | D26: =VLOOKUP(C26,boletins!$3:$35837,2,FALSE) -> Compactação de aterro mecanizado mínimo de 95% PN, sem fornecimento de solo em campo aberto | E26: 255.85 | F26: =VLOOKUP(C26,boletins!$3:$35837,3,FALSE) -> M3 | G26: =VLOOKUP(C26,boletins!$3:$35837,6,FALSE) -> 12.54 | H26: =E26*G26 -> 3208.359 | I26: =H26*1.196 -> 3837.1974 | J26: conforme planilha de levantamento do autor do projeto
A27: 2.7 | B27: SINAPI | C27: 100574 | D27: =VLOOKUP(C27,boletins!$3:$35837,2,FALSE) -> ESPALHAMENTO DE MATERIAL COM TRATOR DE ESTEIRAS. AF_09/2024 | E27: 1932.6 | F27: =VLOOKUP(C27,boletins!$3:$35837,3,FALSE) -> M3 | G27: =VLOOKUP(C27,boletins!$3:$35837,6,FALSE) -> 1.64 | H27: =E27*G27 -> 3169.464 | I27: =H27*1.196 -> 3790.6789 | J27: conforme planilha de levantamento do autor do projeto
A28: Subtotal | H28: =SUM(H21:H27) -> 103547.78 | I28: =SUM(I21:I27) -> 123843.14
A29: PAVIMENTAÇÃO ASFÁLTICA
A30: 3.1 | B30: SINAPI | C30: 101144 | D30: =VLOOKUP(C30,boletins!$3:$35837,2,FALSE) -> ESCAVAÇÃO HORIZONTAL, INCLUINDO CARGA, DESCARGA E TRANSPORTE EM SOLO DE 1A CATEGORIA COM TRATOR DE ESTEIRAS (100HP/LÂMINA: 2,19M3) E CAMINHÃO BASCULANTE DE 14M3, DMT ATÉ 200M. AF_07/2020 | E30: 2797.2 | F30: =VLOOKUP(C30,boletins!$3:$35837,3,FALSE) -> M3 | G30: =VLOOKUP(C30,boletins!$3:$35837,6,FALSE) -> 17.15 | H30: =E30*G30 -> 47971.98 | I30: =H30*1.196 -> 57374.488 | J30: considerado 6993,00m² da planilha de levantamento do autor do projeto do item "abertura de caixa e preparo de subleito até 40cm" 6993,00 x 0,40m = 2797,20m³ Considerado 2797,20m³ devido ao item ser em m³ em vez de m²
A31: 3.2 | B31: SINAPI | C31: 96396 | D31: =VLOOKUP(C31,boletins!$3:$35837,2,FALSE) -> CONSTRUÇÃO DE BASE E SUB-BASE PARA PAVIMENTAÇÃO DE BRITA GRADUADA SIMPLES, COM ESPESSURA DE 15 CM - EXCLUSIVE CARGA E TRANSPORTE. AF_09/2024 | E31: 1000.28 | F31: =VLOOKUP(C31,boletins!$3:$35837,3,FALSE) -> M3 | G31: =VLOOKUP(C31,boletins!$3:$35837,6,FALSE) -> 158.61 | H31: =E31*G31 -> 158654.41 | I31: =H31*1.196 -> 189750.68 | J31: conforme planilha de levantamento do autor do projeto
A32: 3.3 | B32: SINAPI | C32: 105754 | D32: =VLOOKUP(C32,boletins!$3:$35837,2,FALSE) -> CONSTRUÇÃO DE BASE E SUB-BASE PARA PAVIMENTAÇÃO DE MACADAME SECO, COM ESPESSURA DE 25 CM - EXCLUSIVE CARGA E TRANSPORTE. AF_09/2024 | E32: 1701.33 | F32: =VLOOKUP(C32,boletins!$3:$35837,3,FALSE) -> M3 | G32: =VLOOKUP(C32,boletins!$3:$35837,6,FALSE) -> 141.19 | H32: =E32*G32 -> 240210.78 | I32: =H32*1.196 -> 287292.1 | J32: conforme planilha de levantamento do autor do projeto
A33: 3.4 | B33: SINAPI | C33: 100980 | D33: =VLOOKUP(C33,boletins!$3:$35837,2,FALSE) -> CARGA, MANOBRA E DESCARGA DE SOLOS E MATERIAIS GRANULARES EM CAMINHÃO BASCULANTE 18 M³ - CARGA COM ESCAVADEIRA HIDRÁULICA (CAÇAMBA DE 1,20 M³ / 155 HP) E DESCARGA LIVRE (UNIDADE: M3). AF_02/2026 | E33: 2701.61 | F33: =VLOOKUP(C33,boletins!$3:$35837,3,FALSE) -> M3 | G33: =VLOOKUP(C33,boletins!$3:$35837,6,FALSE) -> 7.17 | H33: =E33*G33 -> 19370.544 | I33: =H33*1.196 -> 23167.17 | J33: Carga para base de brita e base macadame. Considerando: 1000,28m³ base brita graduada 1701,33m³ base macadame seco total = 2701,61m³
A34: 3.5 | B34: SINAPI | C34: 95877 | D34: =VLOOKUP(C34,boletins!$3:$35837,2,FALSE) -> TRANSPORTE COM CAMINHÃO BASCULANTE DE 18 M³, EM VIA URBANA PAVIMENTADA, DMT ATÉ 30 KM (UNIDADE: M3XKM). AF_02/2026 | E34: 45927.37 | F34: =VLOOKUP(C34,boletins!$3:$35837,3,FALSE) -> M3XKM | G34: =VLOOKUP(C34,boletins!$3:$35837,6,FALSE) -> 2.21 | H34: =E34*G34 -> 101499.49 | I34: =H34*1.196 -> 121393.39 | J34: Transporte para base de brita e base macadame. Considerando: 1000,28m³ base brita graduada 1701,33m³ base macadame seco total = 2701,61m³ 2701,61m³ x 17km de distância média de usinas = 45927,37M³xKM
A35: 3.6 | B35: CDHU | C35: 54.03.240 | D35: =VLOOKUP(C35,boletins!$3:$35837,2,FALSE) -> Imprimação betuminosa impermeabilizante | E35: 6668.51 | F35: =VLOOKUP(C35,boletins!$3:$35837,3,FALSE) -> M2 | G35: =VLOOKUP(C35,boletins!$3:$35837,6,FALSE) -> 13 | H35: =E35*G35 -> 86690.63 | I35: =H35*1.196 -> 103681.99 | J35: conforme planilha de levantamento do autor do projeto
A36: 3.7 | B36: CDHU | C36: 54.03.230 | D36: =VLOOKUP(C36,boletins!$3:$35837,2,FALSE) -> Imprimação betuminosa ligante | E36: 13337.02 | F36: =VLOOKUP(C36,boletins!$3:$35837,3,FALSE) -> M2 | G36: =VLOOKUP(C36,boletins!$3:$35837,6,FALSE) -> 6.54 | H36: =E36*G36 -> 87224.111 | I36: =H36*1.196 -> 104320.04 | J36: conforme planilha de levantamento do autor do projeto
A37: 3.8 | B37: CDHU | C37: 54.03.200 | D37: =VLOOKUP(C37,boletins!$3:$35837,2,FALSE) -> Concreto asfáltico usinado a quente - Binder | E37: 328.3 | F37: =VLOOKUP(C37,boletins!$3:$35837,3,FALSE) -> M3 | G37: =VLOOKUP(C37,boletins!$3:$35837,6,FALSE) -> 1206.8 | H37: =E37*G37 -> 396192.44 | I37: =H37*1.196 -> 473846.16 | J37: conforme planilha de levantamento do autor do projeto
A38: 3.9 | B38: CDHU | C38: 54.03.210 | D38: =VLOOKUP(C38,boletins!$3:$35837,2,FALSE) -> Camada de rolamento em concreto betuminoso usinado quente - CBUQ | E38: 334.43 | F38: =VLOOKUP(C38,boletins!$3:$35837,3,FALSE) -> M3 | G38: =VLOOKUP(C38,boletins!$3:$35837,6,FALSE) -> 1539.32 | H38: =E38*G38 -> 514794.79 | I38: =H38*1.196 -> 615694.57 | J38: conforme planilha de levantamento do autor do projeto | M38: 382
A39: 3.10 | B39: CDHU | C39: 03.07.050 | D39: =VLOOKUP(C39,boletins!$3:$35837,2,FALSE) -> Fresagem de pavimento asfáltico com espessura até 5 cm, inclusive carregamento, transporte até 1 quilômetro e descarregamento | E39: 382 | F39: =VLOOKUP(C39,boletins!$3:$35837,3,FALSE) -> M2 | G39: =VLOOKUP(C39,boletins!$3:$35837,6,FALSE) -> 13.59 | H39: =E39*G39 -> 5191.38 | I39: =H39*1.196 -> 6208.8905 | J39: conforme planilha de levantamento do autor do projeto | M39: =M38*0.05 -> 19.1 | O39: 401
A40: 3.11 | B40: SINAPI | C40: 95877 | D40: =VLOOKUP(C40,boletins!$3:$35837,2,FALSE) -> TRANSPORTE COM CAMINHÃO BASCULANTE DE 18 M³, EM VIA URBANA PAVIMENTADA, DMT ATÉ 30 KM (UNIDADE: M3XKM). AF_02/2026 | E40: 401 | F40: =VLOOKUP(C40,boletins!$3:$35837,3,FALSE) -> M3XKM | G40: =VLOOKUP(C40,boletins!$3:$35837,6,FALSE) -> 2.21 | H40: =E40*G40 -> 886.21 | I40: =H40*1.196 -> 1059.9072 | J40: conforme planilha de levantamento do autor do projeto. Entendido que seja o transporte de fresagem, sendo: 382m² de fresagem x 0,05m espessura x 21Km = 401,10m³xkm | L40: =382*0.05*21 -> 401.1 | N40: =O39/M39 -> 20.994764
A41: 3.12 | B41: DER | C41: 22.08.28 | D41: =VLOOKUP(C41,boletins!$3:$35837,2,FALSE) -> GEOGRELHA POLIETILENO RESIST. TRANSV. 50 KN/M - RESIST. LONGIT. 150 KN/M | E41: 382 | F41: =VLOOKUP(C41,boletins!$3:$35837,3,FALSE) -> m2 | G41: =VLOOKUP(C41,boletins!$3:$35837,6,FALSE) -> 103.4 | H41: =E41*G41 -> 39498.8 | I41: =H41*1.196 -> 47240.565 | J41: conforme planilha de levantamento do autor do projeto
A42: Subtotal | H42: =SUM(H30:H41) -> 1698185.6 | I42: =SUM(I30:I41) -> 2031029.9
A43: DRENAGEM DE ÁGUAS PLUVIAIS
A44: 4.1 | B44: SICRO | C44: 2003981 | D44: =VLOOKUP(C44,boletins!$3:$35837,2,FALSE) -> Sarjeta trapezoidal de canteiro central de concreto - SZCC 140-35 moldada no local com extrusora e concreto usinado - areia e brita comerciais | E44: 72 | F44: =VLOOKUP(C44,boletins!$3:$35837,3,FALSE) -> m | G44: =VLOOKUP(C44,boletins!$3:$35837,6,FALSE) -> 119.47 | H44: =E44*G44 -> 8601.84 | I44: =H44*1.196 -> 10287.801 | J44: conforme planilha de levantamento do autor do projeto (Sarjeta triangular de corte - revestimento de concreto - DR-1B2 - PP -DE-HO7-003) | L44: Sarjeta trapezoidal de canteiro central de concreto - SZCC 140-35 moldada no local com extrusora e concreto usinado - areia e brita comerciais | M44: (Sarjeta triangular de corte - revestimento de concreto - DR-1B2 - PP -DE-HO7-003)
A45: 4.2 | B45: SICRO | C45: 2003312 | D45: =VLOOKUP(C45,boletins!$3:$35837,2,FALSE) -> Valeta de proteção de aterros com revestimento de concreto - VPAC 160-30 - escavação mecânica - areia extraída e brita produzida | E45: 140 | F45: =VLOOKUP(C45,boletins!$3:$35837,3,FALSE) -> m | G45: =VLOOKUP(C45,boletins!$3:$35837,6,FALSE) -> 114.72 | H45: =E45*G45 -> 16060.8 | I45: =H45*1.196 -> 19208.717 | J45: conforme planilha de levantamento do autor do projeto (Valeta de proteção trapezoidal - revestimento de concreto - proteção de crista de corte - DR-3B6 - PP - DE-HO7-004) | L45: Valeta de proteção de aterros com revestimento de concreto - VPAC 160-30 - escavação mecânica - areia extraída e brita produzida | M45: (Valeta de proteção trapezoidal - revestimento de concreto - proteção de crista de corte - DR-3B6 - PP - DE-HO7-004)
A46: 4.3 | B46: SICRO | C46: 2003313 | D46: =VLOOKUP(C46,boletins!$3:$35837,2,FALSE) -> Valeta de proteção de aterros com revestimento de concreto - VPAC 160-30 - escavação mecânica - areia e brita comerciais | E46: 150 | F46: =VLOOKUP(C46,boletins!$3:$35837,3,FALSE) -> m | G46: =VLOOKUP(C46,boletins!$3:$35837,6,FALSE) -> 139.93 | H46: =E46*G46 -> 20989.5 | I46: =H46*1.196 -> 25103.442 | J46: conforme planilha de levantamento do autor do projeto (Valeta de proteção trapezoidal - revestimento de concreto - proteção de crista de corte - DR-3B7-PP - DE-HO7-004) | L46: Valeta de proteção de aterros com revestimento de concreto - VPAC 160-30 - escavação mecânica - areia e brita comerciais | M46: (Valeta de proteção trapezoidal - revestimento de concreto - proteção de crista de corte - DR-3B7-PP - DE-HO7-004)
A47: 4.4 | B47: DER | C47: 24.15.09.03 | D47: =VLOOKUP(C47,boletins!$3:$35837,2,FALSE) -> DRENO LONGITUDINAL RASO DLR-2, PP-DE-H07/125. | E47: 917 | F47: =VLOOKUP(C47,boletins!$3:$35837,3,FALSE) -> m | G47: =VLOOKUP(C47,boletins!$3:$35837,6,FALSE) -> 176.91 | H47: =E47*G47 -> 162226.47 | I47: =H47*1.196 -> 194022.86 | J47: conforme planilha de levantamento do autor do projeto (Dreno longitudinal raso DLR-2-PP-H07-125) | L47: DRENO LONGITUDINAL RASO DLR-2, PP-DE-H07/125. | M47: (Dreno longitudinal raso DLR-2-PP-H07-125)
A48: 4.5 | B48: SICRO | C48: 2003601 | D48: =VLOOKUP(C48,boletins!$3:$35837,2,FALSE) -> Boca de saída para dreno longitudinal profundo - BSD 02 - tubo de concreto perfurado - areia e brita comerciais | E48: 2 | F48: =VLOOKUP(C48,boletins!$3:$35837,3,FALSE) -> un | G48: =VLOOKUP(C48,boletins!$3:$35837,6,FALSE) -> 293.32 | H48: =E48*G48 -> 586.64 | I48: =H48*1.196 -> 701.62144 | J48: conforme planilha de levantamento do autor do projeto (Boca de saída de dreno) | L48: Boca de saída para dreno longitudinal profundo - BSD 02 - tubo de concreto perfurado - areia e brita comerciais | M48: (Boca de saída de dreno)
A49: 4.6 | B49: SINAPI | C49: 94269 | D49: =VLOOKUP(C49,boletins!$3:$35837,2,FALSE) -> GUIA (MEIO-FIO) E SARJETA CONJUGADOS DE CONCRETO, MOLDADA IN LOCO EM TRECHO RETO COM EXTRUSORA, 60 CM BASE (15 CM BASE DA GUIA + 45 CM BASE DA SARJETA) X 26 CM ALTURA. AF_01/2024 | E49: 423 | F49: =VLOOKUP(C49,boletins!$3:$35837,3,FALSE) -> M | G49: =VLOOKUP(C49,boletins!$3:$35837,6,FALSE) -> 87.18 | H49: =E49*G49 -> 36877.14 | I49: =H49*1.196 -> 44105.059 | J49: conforme planilha de levantamento do autor do projeto (GUIA (MEIO-FIO) E SARJETA CONJUGADOS DE CONCRETO, MOLDADA IN LOCO EM TRECHO RETO COM EXTRUSORA, 60 CM BASE (15 CM BASE DA GUIA + 45 CM BASE DA SARJETA) X 26 CM ALTURA. AF_01/2024) | L49: GUIA (MEIO-FIO) E SARJETA CONJUGADOS DE CONCRETO, MOLDADA IN LOCO EM TRECHO RETO COM EXTRUSORA, 60 CM BASE (15 CM BASE DA GUIA + 45 CM BASE DA SARJETA) X 26 CM ALTURA. AF_01/2024 | M49: (GUIA (MEIO-FIO) E SARJETA CONJUGADOS DE CONCRETO, MOLDADA IN LOCO EM TRECHO RETO COM EXTRUSORA, 60 CM BASE (15 CM BASE DA GUIA + 45 CM BASE DA SARJETA) X 26 CM ALTURA. AF_01/2024)
A50: 4.7 | B50: SICRO | C50: 2003825 | D50: =VLOOKUP(C50,boletins!$3:$35837,2,FALSE) -> Tubo de concreto PA4 comercial para drenagem - D = 0,60 m - fornecimento e instalação | E50: 60 | F50: =VLOOKUP(C50,boletins!$3:$35837,3,FALSE) -> m | G50: =VLOOKUP(C50,boletins!$3:$35837,6,FALSE) -> 401.13 | H50: =E50*G50 -> 24067.8 | I50: =H50*1.196 -> 28785.089 | J50: conforme planilha de levantamento do autor do projeto (TUBO DE CONCRETO D=0,60M CLASSE PA-4) | L50: Tubo de concreto PA4 comercial para drenagem - D = 0,60 m - fornecimento e instalação | M50: (TUBO DE CONCRETO D=0,60M CLASSE PA-4)
A51: 4.8 | B51: SICRO | C51: 2003829 | D51: =VLOOKUP(C51,boletins!$3:$35837,2,FALSE) -> Tubo de concreto PA4 comercial para drenagem - D = 0,80 m - fornecimento e instalação | E51: 3 | F51: =VLOOKUP(C51,boletins!$3:$35837,3,FALSE) -> m | G51: =VLOOKUP(C51,boletins!$3:$35837,6,FALSE) -> 554.98 | H51: =E51*G51 -> 1664.94 | I51: =H51*1.196 -> 1991.2682 | J51: conforme planilha de levantamento do autor do projeto (TUBO DE CONCRETO D=0,80M CLASSE PA-4) | L51: Tubo de concreto PA4 comercial para drenagem - D = 0,80 m - fornecimento e instalação | M51: (TUBO DE CONCRETO D=0,80M CLASSE PA-4)
A52: 4.9 | B52: SINAPI | C52: 99290 | D52: =VLOOKUP(C52,boletins!$3:$35837,2,FALSE) -> BASE PARA POÇO DE VISITA RETANGULAR PARA DRENAGEM, EM ALVENARIA COM BLOCOS DE CONCRETO, DIMENSÕES INTERNAS = 1,5X1,5 M, PROFUNDIDADE = 1,40 M, EXCLUINDO TAMPÃO. AF_12/2020 | E52: 1 | F52: =VLOOKUP(C52,boletins!$3:$35837,3,FALSE) -> UN | G52: =VLOOKUP(C52,boletins!$3:$35837,6,FALSE) -> 4447.52 | H52: =E52*G52 -> 4447.52 | I52: =H52*1.196 -> 5319.2339 | J52: conforme planilha de levantamento do autor do projeto (CAIXA COLETORA PARA TUBO D=0,80M. CV COL. 07/130) | L52: BASE PARA POÇO DE VISITA RETANGULAR PARA DRENAGEM, EM ALVENARIA COM BLOCOS DE CONCRETO, DIMENSÕES INTERNAS = 1,5X1,5 M, PROFUNDIDADE = 1,40 M, EXCLUINDO TAMPÃO. AF_12/2020 | M52: (CAIXA COLETORA PARA TUBO D=0,80M. CV COL. 07/130)
A53: 4.10 | B53: SICRO | C53: 46.26.840 | D53: =VLOOKUP(C53,boletins!$3:$35837,2,FALSE) -> Tampão simples em ferro fundido, predial SMU, DN= 150 mm | E53: 1 | F53: =VLOOKUP(C53,boletins!$3:$35837,3,FALSE) -> UN | G53: =VLOOKUP(C53,boletins!$3:$35837,6,FALSE) -> 205.06 | H53: =E53*G53 -> 205.06 | I53: =H53*1.196 -> 245.25176 | L53: Tampão simples em ferro fundido, predial SMU, DN= 150 mm
A54: 4.11 | B54: SINAPI | C54: 97961 | D54: =VLOOKUP(C54,boletins!$3:$35837,2,FALSE) -> CAIXA PARA BOCA DE LOBO COMBINADA COM GRELHA RETANGULAR, EM ALVENARIA COM BLOCOS DE CONCRETO, DIMENSÕES INTERNAS: 1,3X1X1,2 M. AF_12/2020 | E54: 3 | F54: =VLOOKUP(C54,boletins!$3:$35837,3,FALSE) -> UN | G54: =VLOOKUP(C54,boletins!$3:$35837,6,FALSE) -> 2749 | H54: =E54*G54 -> 8247 | I54: =H54*1.196 -> 9863.412 | J54: conforme planilha de levantamento do autor do projeto (BOCA DE BUEIRO TIPO A1 - PP-DE-H07-030) | L54: CAIXA PARA BOCA DE LOBO COMBINADA COM GRELHA RETANGULAR, EM ALVENARIA COM BLOCOS DE CONCRETO, DIMENSÕES INTERNAS: 1,3X1X1,2 M. AF_12/2020 | M54: (BOCA DE BUEIRO TIPO A1 - PP-DE-H07-030)
A55: 4.12 | B55: SINAPI | C55: 97935 | D55: =VLOOKUP(C55,boletins!$3:$35837,2,FALSE) -> CAIXA PARA BOCA DE LOBO SIMPLES RETANGULAR, EM CONCRETO PRÉ-MOLDADO, DIMENSÕES INTERNAS: 0,6X1,0X1,2 M. AF_12/2020 | E55: 1 | F55: =VLOOKUP(C55,boletins!$3:$35837,3,FALSE) -> UN | G55: =VLOOKUP(C55,boletins!$3:$35837,6,FALSE) -> 1021.46 | H55: =E55*G55 -> 1021.46 | I55: =H55*1.196 -> 1221.6662 | J55: conforme planilha de levantamento do autor do projeto (BOCA DE LOBO SIMPLES - BLCS - PP - DE-H07-076) | L55: CAIXA PARA BOCA DE LOBO SIMPLES RETANGULAR, EM CONCRETO PRÉ-MOLDADO, DIMENSÕES INTERNAS: 0,6X1,0X1,2 M. AF_12/2020 | M55: (BOCA DE LOBO SIMPLES - BLCS - PP - DE-H07-076)
A56: 4.13 | B56: CDHU | C56: 34.02.020 | D56: =VLOOKUP(C56,boletins!$3:$35837,2,FALSE) -> Plantio de grama batatais em placas (praças e áreas abertas) | E56: 2100 | F56: =VLOOKUP(C56,boletins!$3:$35837,3,FALSE) -> M2 | G56: =VLOOKUP(C56,boletins!$3:$35837,6,FALSE) -> 14.25 | H56: =E56*G56 -> 29925 | I56: =H56*1.196 -> 35790.3 | J56: conforme planilha de levantamento do autor do projeto ((Plantio de grama batatais em placas (praças e áreas abertas)) | L56: Plantio de grama batatais em placas (praças e áreas abertas)
A57: Subtotal | H57: =SUM(H44:H56) -> 314921.17 | I57: =SUM(I44:I56) -> 376645.72
A58: SINALIZAÇÃO HORIZONTAL - VERTICAL
A59: 5.1 | B59: CDHU | C59: 70.02.010 | D59: =VLOOKUP(C59,boletins!$3:$35837,2,FALSE) -> Sinalização horizontal com tinta vinílica ou acrílica | E59: 349.1 | F59: =VLOOKUP(C59,boletins!$3:$35837,3,FALSE) -> M2 | G59: =VLOOKUP(C59,boletins!$3:$35837,6,FALSE) -> 35.47 | H59: =E59*G59 -> 12382.577 | I59: =H59*1.196 -> 14809.562 | J59: conforme planilha de levantamento do autor do projeto
A60: 5.2 | B60: DER | C60: 28.03.15.03 | D60: =VLOOKUP(C60,boletins!$3:$35837,2,FALSE) -> TACHA REFLETIVA EM PLASTICO INJETADO MONODIRECIONAL COM UM PINO-TIPO III OU IV | E60: 290 | F60: =VLOOKUP(C60,boletins!$3:$35837,3,FALSE) -> un | G60: =VLOOKUP(C60,boletins!$3:$35837,6,FALSE) -> 61.16 | H60: =E60*G60 -> 17736.4 | I60: =H60*1.196 -> 21212.734 | J60: conforme planilha de levantamento do autor do projeto
A61: 5.3 | B61: DER | C61: 28.03.09.02.01 | D61: =VLOOKUP(C61,boletins!$3:$35837,2,FALSE) -> TACHA REFLETIVA EM PLASTICO INJETADO BIDIRECIONAL COM UM PINO - TIPO III OU IV | E61: 15 | F61: =VLOOKUP(C61,boletins!$3:$35837,3,FALSE) -> un | G61: =VLOOKUP(C61,boletins!$3:$35837,6,FALSE) -> 64.35 | H61: =E61*G61 -> 965.25 | I61: =H61*1.196 -> 1154.439 | J61: conforme planilha de levantamento do autor do projeto
A62: 5.4 | B62: DER | C62: 28.01.05.01 | D62: =VLOOKUP(C62,boletins!$3:$35837,2,FALSE) -> FORN. E TRANSPORTE DE PLACA DE ACO GT+AI | E62: 12.9 | F62: =VLOOKUP(C62,boletins!$3:$35837,3,FALSE) -> m2 | G62: =VLOOKUP(C62,boletins!$3:$35837,6,FALSE) -> 454.72 | H62: =E62*G62 -> 5865.888 | I62: =H62*1.196 -> 7015.602 | J62: conforme planilha de levantamento do autor do projeto
A63: Subtotal | H63: =SUM(H59:H62) -> 36950.115 | I63: =SUM(I59:I62) -> 44192.338
A64: SINALIZAÇÃO PROVISÓRIA DE OBRA
A65: 6.1 | B65: DER | C65: 28.01.05.01 | D65: =VLOOKUP(C65,boletins!$3:$35837,2,FALSE) -> FORN. E TRANSPORTE DE PLACA DE ACO GT+AI | E65: 50 | F65: =VLOOKUP(C65,boletins!$3:$35837,3,FALSE) -> m2 | G65: =VLOOKUP(C65,boletins!$3:$29310,6,FALSE) -> 454.72 | H65: =E65*G65 -> 22736 | I65: =H65*1.196 -> 27192.256 | J65: conforme planilha de levantamento do autor do projeto
A66: 6.2 | B66: CDHU | C66: 97.05.130 | D66: =VLOOKUP(C66,boletins!$3:$35837,2,FALSE) -> Colocação de placa em suporte de madeira / metálico - solo | E66: 50 | F66: =VLOOKUP(C66,boletins!$3:$35837,3,FALSE) -> M2 | G66: =VLOOKUP(C66,boletins!$3:$29310,6,FALSE) -> 68.46 | H66: =E66*G66 -> 3423 | I66: =H66*1.196 -> 4093.908 | J66: conforme planilha de levantamento do autor do projeto
A67: Subtotal | H67: =SUM(H65:H66) -> 26159 | I67: =SUM(I65:I66) -> 31286.164
A68: SERVIÇOS COMPLEMENTARES
A69: 7.1 | B69: CDHU | C69: 01.20.010 | D69: =VLOOKUP(C69,boletins!$3:$35837,2,FALSE) -> Taxa de mobilização e desmobilização de equipamentos para execução de levantamento topográfico | E69: 1 | F69: =VLOOKUP(C69,boletins!$3:$35837,3,FALSE) -> TX | G69: =VLOOKUP(C69,boletins!$3:$29310,6,FALSE) -> 1120.06 | H69: =E69*G69 -> 1120.06 | I69: =H69*1.196 -> 1339.5918 | J69: conforme planilha de levantamento do autor do projeto (mobilização e desmobilização de equipamentos)
A70: 7.2 | B70: SINAPI-I | C70: 40820 | D70: =VLOOKUP(C70,boletins!$3:$35837,2,FALSE) -> TOPOGRAFO (MENSALISTA) | E70: 1 | F70: =VLOOKUP(C70,boletins!$3:$35837,3,FALSE) -> MES | G70: =VLOOKUP(C70,boletins!$3:$29310,6,FALSE) -> 14077.15 | H70: =E70*G70 -> 14077.15 | I70: =H70*1.196 -> 16836.271 | J70: conforme planilha de levantamento do autor do projeto (serviços de topografia)
A71: 7.3 | B71: SINAPI-I | C71: 41093 | D71: =VLOOKUP(C71,boletins!$3:$35837,2,FALSE) -> AUXILIAR DE TOPOGRAFO (MENSALISTA) | E71: 1 | F71: =VLOOKUP(C71,boletins!$3:$35837,3,FALSE) -> MES | G71: =VLOOKUP(C71,boletins!$3:$29310,6,FALSE) -> 6335.13 | H71: =E71*G71 -> 6335.13 | I71: =H71*1.196 -> 7576.8155 | J71: conforme planilha de levantamento do autor do projeto (serviços de topografia)
A72: 7.4 | B72: SINAPI-I | C72: 41089 | D72: =VLOOKUP(C72,boletins!$3:$35837,2,FALSE) -> TECNICO EM LABORATORIO E CAMPO DE CONSTRUCAO CIVIL (MENSALISTA) | E72: 1 | F72: =VLOOKUP(C72,boletins!$3:$35837,3,FALSE) -> MES | G72: =VLOOKUP(C72,boletins!$3:$29310,6,FALSE) -> 10393.57 | H72: =E72*G72 -> 10393.57 | I72: =H72*1.196 -> 12430.71 | J72: conforme planilha de levantamento do autor do projeto (Controle tecnologico)
A73: Subtotal | H73: =SUM(H69:H72) -> 31925.91 | I73: =SUM(I69:I72) -> 38183.388
H75: Total SEM BDI | I75: Total c\ BDI de 19,60%
A76: TOTAL (R$) | H76: =SUM(H73+H67+H63+H57+H42+H28+H19) -> 2417621.7 | I76: =ROUND(I73+I67+I63+I57+I42+I28+I19,2) -> 2891475.6
A79: Santo Antônio de Posse, 09 de Junho de 2026
A82: ____________________________________________
A83: Cristiano Dias Marchiori
A84: SECRETÁRIO DE DESENVOLVIMENTO URBANO
A85: PREFEITURA MUNICIPAL DE SANTO ANTÔNIO DE POSSE

Sheet boletins
A1: CDHU 201 | I1: CDHU - VERDE CDHU-I - AZUL CLARO SABESP-I VERMELHO CLARO SINAPI - ROXO SINAPI-I - AMARELO DER - LARANJA CLARO SICRO - PRETO
A2: Referência | B2: Descrição | C2: Un | D2: Material | E2: Mão de Obra | F2: Custo Total
A3: 01 | B3: SERVICO TECNICO ESPECIALIZADO
A4: 01.02 | B4: Parecer técnico
A5: 01.02.071 | B5: Parecer técnico de fundações, contenções e recomendações gerais, para empreendimentos com área construída até 1.000 m² | C5: UN | E5: 7204.93 | F5: 7204.93
A6: 01.02.081 | B6: Parecer técnico de fundações, contenções e recomendações gerais, para empreendimentos com área construída de 1.001 a 2.000 m² | C6: UN | E6: 9581.15 | F6: 9581.15
A7: 01.02.091 | B7: Parecer técnico de fundações, contenções e recomendações gerais, para empreendimentos com área construída de 2.001 a 5.000 m² | C7: UN | E7: 16366.75 | F7: 16366.75
A8: 01.02.101 | B8: Parecer técnico de fundações, contenções e recomendações gerais, para empreendimentos com área construída de 5.001 a 10.000 m² | C8: UN | E8: 22440.73 | F8: 22440.73
A9: 01.02.111 | B9: Parecer técnico de fundações, contenções e recomendações gerais, para empreendimentos com área construída acima de 10.000 m² | C9: UN | E9: 26151.21 | F9: 26151.21
A10: 01.06 | B10: Projeto de instalações elétricas
A11: 01.06.021 | B11: Elaboração de projeto de adequação de entrada de energia elétrica junto a concessionária, com medição em baixa tensão e demanda até 75 kVA | C11: UN | E11: 9202.36 | F11: 9202.36
A12: 01.06.031 | B12: Elaboração de projeto de adequação de entrada de energia elétrica junto a concessionária, com medição em média tensão, subestação simplificada e demanda de 75 kVA a 300 kVA | C12: UN | E12: 15587.22 | F12: 15587.22
A13: 01.06.032 | B13: Elaboração de projeto de adequação de entrada de energia elétrica junto a concessionária, com medição em média tensão e demanda de 75 kVA a 300 kVA | C13: UN | E13: 21092.24 | F13: 21092.24
A14: 01.06.041 | B14: Elaboração de projeto de adequação de entrada de energia elétrica junto a concessionária, com medição em média tensão e demanda acima de 300 kVA a 2 MVA | C14: UN | E14: 28055 | F14: 28055
A15: 01.17 | B15: Projeto executivo
A16: 01.17.031 | B16: Projeto executivo de arquitetura em formato A1 | C16: UN | E16: 3624.6 | F16: 3624.6
A17: 01.17.041 | B17: Projeto executivo de arquitetura em formato A0 | C17: UN | E17: 4900.14 | F17: 4900.14
A18: 01.17.051 | B18: Projeto executivo de estrutura em formato A1 | C18: UN | E18: 2658.26 | F18: 2658.26
A19: 01.17.061 | B19: Projeto executivo de estrutura em formato A0 | C19: UN | E19: 3637.02 | F19: 3637.02
A20: 01.17.071 | B20: Projeto executivo de instalações hidráulicas em formato A1 | C20: UN | E20: 1141.18 | F20: 1141.18
A21: 01.17.081 | B21: Projeto executivo de instalações hidráulicas em formato A0 | C21: UN | E21: 1519.09 | F21: 1519.09
A22: 01.17.111 | B22: Projeto executivo de instalações elétricas em formato A1 | C22: UN | E22: 1267.26 | F22: 1267.26
A23: 01.17.121 | B23: Projeto executivo de instalações elétricas em formato A0 | C23: UN | E23: 1757.15 | F23: 1757.15
A24: 01.17.151 | B24: Projeto executivo de climatização em formato A1 | C24: UN | E24: 2439.23 | F24: 2439.23
A25: 01.17.161 | B25: Projeto executivo de climatização em formato A0 | C25: UN | E25: 3324.97 | F25: 3324.97
A26: 01.17.171 | B26: Projeto executivo de chuveiros automáticos em formato A1 | C26: UN | E26: 2105.98 | F26: 2105.98
A27: 01.17.181 | B27: Projeto executivo de chuveiros automáticos em formato A0 | C27: UN | E27: 2722.06 | F27: 2722.06
A28: 01.20 | B28: Levantamento topográfico e geofísico
A29: 01.20.010 | B29: Taxa de mobilização e desmobilização de equipamentos para execução de levantamento topográfico | C29: TX | D29: 1120.06 | F29: 1120.06
A30: 01.20.280 | B30: Levantamento planimétrico de área pavimentada para veículo e pedestre | C30: M2 | D30: 0.07 | E30: 0.18 | F30: 0.25
A31: 01.20.691 | B31: Levantamento planimétrico cadastral com áreas ocupadas predominantemente por comunidades - área até 20.000 m² (mínimo de 3.500 m²) | C31: M2 | D31: 0.43 | E31: 0.59 | F31: 1.02
A32: 01.20.701 | B32: Levantamento planimétrico cadastral com áreas ocupadas predominantemente por comunidades - área acima de 20.000 m² até 200.000 m² | C32: M2 | D32: 0.34 | E32: 0.46 | F32: 0.8
A33: 01.20.711 | B33: Levantamento planimétrico cadastral com áreas ocupadas predominantemente por comunidades - área acima de 200.000 m² | C33: M2 | D33: 0.28 | E33: 0.37 | F33: 0.65
A34: 01.20.721 | B34: Levantamento planimétrico cadastral com áreas até 50% de ocupação - área até 20.000 m² (mínimo de 3.500 m²) | C34: M2 | D34: 0.38 | E34: 0.51 | F34: 0.89
A35: 01.20.731 | B35: Levantamento planimétrico cadastral com áreas até 50% de ocupação - área acima de 20.000 m² até 200.000 m² | C35: M2 | D35: 0.18 | E35: 0.57 | F35: 0.75
A36: 01.20.741 | B36: Levantamento planimétrico cadastral com áreas até 50% de ocupação - área acima de 200.000 m² | C36: M2 | D36: 0.24 | E36: 0.32 | F36: 0.56
A37: 01.20.751 | B37: Levantamento planimétrico cadastral com áreas acima de 50% de ocupação - área até 20.000 m² (mínimo de 4.000 m²) | C37: M2 | D37: 0.33 | E37: 0.46 | F37: 0.79
A38: 01.20.761 | B38: Levantamento planimétrico cadastral com áreas acima de 50% de ocupação - área acima de 20.000 m² até 200.000 m² | C38: M2 | D38: 0.29 | E38: 0.4 | F38: 0.69
A39: 01.20.771 | B39: Levantamento planimétrico cadastral com áreas acima de 50% de ocupação - área acima de 200.000 m² | C39: M2 | D39: 0.28 | E39: 0.38 | F39: 0.66
A40: 01.20.781 | B40: Levantamento planialtimétrico cadastral com áreas ocupadas predominantemente por comunidades - área até 20.000 m² (mínimo de 3.500 m²) | C40: M2 | D40: 0.45 | E40: 0.63 | F40: 1.08
A41: 01.20.791 | B41: Levantamento planialtimétrico cadastral com áreas ocupadas predominantemente por comunidades - área acima de 20.000 m² até 200.000 m² | C41: M2 | D41: 0.37 | E41: 0.5 | F41: 0.87
... A54: 01.20.921 | B54: Implantação de marcos através de levantamento com GPS (mínimo de 3 marcos) | C54: UN | D54: 714.06 | E54: 514.39 | F54: 1228.45
A55: 01.21 | B55: Estudo geotecnico (sondagem)
A56: 01.21.010 | B56: Taxa de mobilização e desmobilização de equipamentos para execução de sondagem | C56: TX | D56: 1379.3 | F56: 1379.3
A57: 01.21.090 | B57: Taxa de mobilização e desmobilização de equipamentos para execução de sondagem rotativa | C57: TX | D57: 7060.48 | F57: 7060.48
A58: 01.21.100 | B58: Sondagem do terreno a trado | C58: M | D58: 107.18 | F58: 107.18
A59: 01.21.110 | B59: Sondagem do terreno à percussão (mínimo de 30 m) | C59: M | D59: 93.86 | F59: 93.86
A60: 01.21.120 | B60: Sondagem do terreno rotativa em solo | C60: M | D60: 424.89 | F60: 424.89
A61: 01.21.130 | B61: Sondagem do terreno rotativa em rocha | C61: M | D61: 674.53 | F61: 674.53
A62: 01.21.140 | B62: Sondagem do terreno à percussão com a utilização de torquímetro (mínimo de 30 m) | C62: M | D62: 104.16 | F62: 104.16
A63: 01.23 | B63: Tratamento, recuperação e trabalhos especiais em concreto
A64: 01.23.010 | B64: Taxa de mobilização e desmobilização de equipamentos para execução de corte em concreto armado | C64: TX | D64: 443.61 | F64: 443.61
A65: 01.23.020 | B65: Limpeza de armadura com escova de aço | C65: M2 | D65: 3.21 | E65: 6.81 | F65: 10.02
A66: 01.23.030 | B66: Preparo de ponte de aderência com adesivo a base de epóxi | C66: M2 | D66: 103.82 | E66: 50.35 | F66: 154.17
A67: 01.23.056 | B67: Tratamento de armadura com produto anticorrosivo a base de zinco | C67: M2 | D67: 22.29 | E67: 48.01 | F67: 70.3
A68: 01.23.060 | B68: Corte de concreto deteriorado inclusive remoção dos detritos | C68: M2 | E68: 34.07 | F68: 34.07
A69: 01.23.070 | B69: Demarcação de área com disco de corte diamantado | C69: M | D69: 1.04 | E69: 5.03 | F69: 6.07
A70: 01.23.100 | B70: Demolição de concreto armado com preservação de armadura, para reforço e recuperação estrutural | C70: M3 | E70: 514.15 | F70: 514.15
A71: 01.23.140 | B71: Furação de 1 1/4´ em concreto armado | C71: M | D71: 276.25 | F71: 276.25
A72: 01.23.150 | B72: Furação de 1 1/2´ em concreto armado | C72: M | D72: 279.41 | F72: 279.41
A73: 01.23.160 | B73: Furação de 2 1/4´ em concreto armado | C73: M | D73: 386.38 | F73: 386.38
A74: 01.23.190 | B74: Furação de 2 1/2´ em concreto armado | C74: M | D74: 397.97 | F74: 397.97
A75: 01.23.200 | B75: Taxa de mobilização e desmobilização de equipamentos para execução de perfuração em concreto | C75: TX | D75: 231.93 | F75: 231.93
A76: 01.23.221 | B76: Furação para até 10mm x 100mm em concreto armado, inclusive colagem de armadura (para até 8mm) | C76: UN | D76: 13.55 | F76: 13.55
A77: 01.23.222 | B77: Furação para 12,5mm x 100mm em concreto armado, inclusive colagem de armadura (para 10mm) | C77: UN | D77: 15.6 | F77: 15.6
A78: 01.23.223 | B78: Furação para 16mm x 100mm em concreto armado, inclusive colagem de armadura (para 12,5mm) | C78: UN | D78: 16.25 | F78: 16.25
A79: 01.23.231 | B79: Furação para até 10mm x 150mm em concreto armado, inclusive colagem de armadura (para até 8mm) | C79: UN | D79: 20.92 | F79: 20.92
A80: 01.23.232 | B80: Furação para 12,5mm x 150mm em concreto armado, inclusive colagem de armadura (para 10mm) | C80: UN | D80: 21.79 | F80: 21.79
A81: 01.23.233 | B81: Furação para 16mm x 150mm em concreto armado, inclusive colagem de armadura (para 12,5mm) | C81: UN | D81: 25.3 | F81: 25.3
A82: 01.23.234 | B82: Furação para 20mm x 150mm em concreto armado, inclusive colagem de armadura (para 16mm) | C82: UN | D82: 27.4 | F82: 27.4
... A93: 01.23.510 | B93: Corte vertical em concreto armado, espessura de 15 cm | C93: M | D93: 232.22 | F93: 232.22
A94: 01.23.700 | B94: Taxa de mobilização e desmobilização para reforço estrutural com fibra de carbono | C94: TX | D94: 1673.44 | E94: 4622.41 | F94: 6295.85
A95: 01.23.701 | B95: Preparação de substrato para colagem de fibra de carbono, mediante lixamento e/ou apicoamento e escovação | C95: M2 | D95: 7.69 | E95: 49.21 | F95: 56.9
A96: 01.23.702 | B96: Fibra de carbono para reforço estrutural de alta resistência - 300 g/m² | C96: M2 | D96: 162.96 | E96: 350.18 | F96: 513.14
A97: 01.27 | B97: Estudo e programa ambientais
A98: 01.27.011 | B98: Projeto e implementação de gerenciamento integrado de resíduos sólidos e gestão de perdas | C98: UN | D98: 198.7 | E98: 10213.45 | F98: 10412.15
A99: 01.27.021 | B99: Projeto e implementação de educação ambiental | C99: UN | D99: 198.7 | E99: 13680.99 | F99: 13879.69
A100: 01.27.031 | B100: Projeto e implementação de controle ambiental de obra | C100: UN | D100: 198.7 | E100: 12105.6 | F100: 12304.3
A101: 01.27.041 | B101: Laudo de caracterização de vegetação | C101: UN | D101: 574.95 | E101: 28190.53 | F101: 28765.48
A102: 01.27.051 | B102: Laudo de caracterização da fauna associada à flora | C102: UN | D102: 574.95 | E102: 43257.71 | F102: 43832.66
A103: 01.27.061 | B103: Projeto e implementação de monitoramento da fauna durante a obra | C103: UN | D103: 574.95 | E103: 17148.56 | F103: 17723.51
A104: 01.27.071 | B104: Laudo de autodepuração | C104: UN | D104: 467.45 | E104: 20582.26 | F104: 21049.71
A105: 01.27.091 | B105: Estudo de impacto de vizinhança, em área urbana até 10.000 m² | C105: UN | D105: 284.7 | E105: 33337.13 | F105: 33621.83
A106: 01.28 | B106: Poço profundo
A107: 01.28.010 | B107: Taxa de mobilização e desmobilização de equipamentos para execução de perfuração para poço profundo - profundidade até 200 m | C107: TX | D107: 8405.03 | F107: 8405.03
A108: 01.28.020 | B108: Taxa de mobilização e desmobilização de equipamentos para execução de perfuração para poço profundo - profundidade acima de 200 m e até 300 m | C108: TX | D108: 13545.24 | F108: 13545.24
A109: 01.28.030 | B109: Taxa de mobilização e desmobilização de equipamentos para execução de perfuração para poço profundo - profundidade acima de 300 m | C109: TX | D109: 13425.34 | F109: 13425.34
A110: 01.28.040 | B110: Perfuração rotativa para poço profundo em camadas de solos sedimentares, diâmetro de 8 1/2" (215,90 mm) | C110: M | D110: 726.17 | F110: 726.17
A111: 01.28.050 | B111: Perfuração rotativa para poço profundo em aluvião, arenito, ou solos sedimentados em geral, diâmetro de 10" (250 mm) | C111: M | D111: 510.79 | F111: 510.79
A112: 01.28.060 | B112: Perfuração rotativa para poço profundo em aluvião, arenito, ou solos sedimentados em geral, diâmetro de 12" (300 mm) | C112: M | D112: 1278.32 | F112: 1278.32
A113: 01.28.070 | B113: Perfuração rotativa para poço profundo em aluvião, arenito, ou solos sedimentados em geral, diâmetro de 14" (350 mm) | C113: M | D113: 1384.07 | F113: 1384.07
A114: 01.28.080 | B114: Perfuração rotativa para poço profundo em aluvião, arenito, ou solos sedimentados em geral, diâmetro de 16" (400 mm) | C114: M | D114: 1720.88 | F114: 1720.88
A115: 01.28.090 | B115: Perfuração rotativa para poço profundo em aluvião, arenito, ou solos sedimentados em geral, diâmetro de 18" (450 mm) | C115: M | D115: 2202.74 | F115: 2202.74
A116: 01.28.100 | B116: Perfuração rotativa para poço profundo em aluvião, arenito, ou solos sedimentados em geral, diâmetro de 20" (500 mm) | C116: M | D116: 2573.93 | F116: 2573.93
A117: 01.28.110 | B117: Perfuração rotativa para poço profundo em aluvião, arenito, ou solos sedimentados em geral, diâmetro de 22" (550 mm) | C117: M | D117: 2770.2 | F117: 2770.2
A118: 01.28.120 | B118: Perfuração rotativa para poço profundo em aluvião, arenito, ou solos sedimentados em geral, diâmetro de 26" (650 mm) | C118: M | D118: 3362.59 | F118: 3362.59
... A160: 01.28.570 | B160: Cimentação de boca do poço profundo, entre perfuração de maior diâmetro (cimentação do espaço anular) | C160: M3 | D160: 3028.39 | F160: 3028.39
A161: 01.28.580 | B161: Laje de proteção em concreto armado para poço profundo (área mínimo de 3,00 m²) | C161: UN | D161: 1183.23 | E161: 591.26 | F161: 1774.49
A162: 01.28.590 | B162: Lacre do poço profundo (tampa) | C162: UN | D162: 1103.68 | F162: 1103.68
A163: 01.28.600 | B163: Licença de perfuração para poço profundo | C163: UN | D163: 4478.78 | F163: 4478.78
...
